 Dungeon Sprint DCSS version 0.25.1-2-g60ff931df9 (webtiles) character file.

Game seed: 3115700202023983243

23 sahdkjhfkaj the Magician (level 2, -6/15 HPs)
             Began as a Deep Elf Wizard on Nov 30, 2020.
             Shot with an arrow by a centaur (7 damage)
             ... in the Dungeon (Sprint IX: "|||||||||||||||||||||||||||||").
             The game lasted 00:00:29 (106 turns).

sahdkjhfkaj the Magician (Deep Elf Wizard)           Turns: 106, Time: 00:00:30

Health: -6/15      AC:  2    Str:  4    XL:     2   Next: 72%
Magic:  3/11       EV: 13    Int: 22    God:
Gold:   0          SH:  0    Dex: 13    Spells: 10/13 levels left

rFire    . . .     SeeInvis .   (no weapon)
rCold    . . .     Gourm    .   (no shield)
rNeg     . . .     Faith    .   a - +0 robe
rPois    .         Spirit   .   b - +0 hat
rElec    .         Reflect  .   (no cloak)
rCorr    .         Harm     .   (no gloves)
MR       .....     NoTele   +   (no boots)
Stlth    ++........             (no amulet)
HPRegen  0.05/turn              (no ring)
MPRegen  0.12/turn              (no ring)

@: no status effects
A: no striking features
a: no special abilities


You were in the Dungeon.
You were not hungry.

You visited 1 branch

Inventory:

Armour
 a - a +0 robe (worn)
 b - a +0 hat (worn)
Scrolls
 j - a scroll of blinking
Potions
 g - a potion of haste
 h - 2 potions of magic
Comestibles
 c - 4 chunks of flesh
 d - a ration


   Skills:
 - Level 2.4 Dodging
 - Level 2.4 Stealth
 + Level 6.1 Spellcasting
 * Level 5.0 Conjurations
 - Level 1.1 Summonings
   Level 1.1 Translocations


You had 10 spell levels left.
You knew the following spells:

 Your Spells              Type           Power        Failure   Level  Hunger
a - Magic Dart            Conj           ####         1%          1    None
C - Call Imp              Summ           ##......     9%          2    None

Your spell library contained the following spells:

 Spells                   Type           Power        Failure   Level  Hunger
 Blink                    Tloc           N/A          9%          2    None
 Conjure Flame            Conj/Fire      ###.....     10%         3    #......
 Slow                     Hex            #.......     14%         2    None
 Mephitic Cloud           Conj/Pois/Air  ##......     14%         3    #......


Dungeon Overview and Level Annotations

Branches:
Dungeon (1/1)

Altars:


Message History

Casting: Call Imp (safe; 9% risk of failure)
Confirm with . or Enter, or press ? or * to list all spells.
Nothing appears to happen.
The centaur hits you.
* * * LOW HITPOINT WARNING * * *
The centaur barely misses you.
Your crimson imp blinks!
Unknown command.
Unknown command.
You feel better. The centaur barely misses you.
You swap places.
The centaur misses your shadow imp.
Your shadow imp gestures at the centaur.
The centaur writhes in agony!
The centaur hits your shadow imp. The centaur hits your shadow imp!
Your shadow imp dies!
The centaur wields a +0 shortbow.
The centaur shoots an arrow.
The arrow hits you!
Ouch! That really hurt!
* * * LOW HITPOINT WARNING * * *
The centaur shoots an arrow.
The arrow hits you!
You die... ▓▓▓▓▓▓▓▓▓▓▓▓▓▓▓▓▓▓ +..llsc(..@5÷(..<▓ ▓▓▓▓▓▓▓▓▓▓▓▓▓▓▓▓▓▓

You could see a centaur, a leopard gecko, a giant cockroach, a frilled lizard and a friendly crimson imp (summoned).

Vanquished Creatures
  A gnoll (D)
  2 oozes (D)
  2 jackals (D)
  A frilled lizard (D)
6 creatures vanquished.

Vanquished Creatures (others)
  A spatial maelstrom (D)
1 creature vanquished.

Grand Total: 7 creatures vanquished

Notes
Turn   | Place    | Note
-------+----------+-------------------------------------------
     0 | D        | sahdkjhfkaj the Deep Elf Wizard began the quest for the
                  | Orb.
     0 | D        | Reached XP level 1. HP: 10/10 MP: 7/7
     9 | D        | Reached skill level 5 in Spellcasting
    12 | D        | Reached XP level 2. HP: 15/15 MP: 4/10
    20 | D        | Reached skill level 6 in Spellcasting
    26 | D        | Banished a spatial maelstrom
    89 | D        | Learned a level 2 spell: Call Imp
    89 | D        | Noticed a centaur
    92 | D        | Reached skill level 5 in Conjurations
   106 | D        | Shot with an arrow by a centaur

Illustrated notes

Levels and vault maps discovered:
D:        linesprint [early_d, line_temple, items_1, d_10, items_2, lair_1,
          lair_end, items_3, orc_1, orc_end, items_4, d_15, swamp_1, shoals_1,
          snake_1, spider_1, d_20, vaults_1, items_5, swamp_end, shoals_end,
          snake_end, spider_end, vaults_end, d_27, items_6, zot_1, zot_end,
          crypt_end, forest_end, elf_end, slime_end, tomb_end, abyss_end,
          pan_hell_end]

Skill      XL: |  1  2 |
---------------+-------+-----
Spellcasting   | 5 6 |  6.1
Conjurations   | 4 5 |  5.0
Dodging        | |  2.4
Stealth        | |  2.4
Summonings     | |  1.1
Translocations | |  1.1

Action                   || total
-------------------------++-------
Melee: Unarmed           ||    17
 Cast: Magic Dart        ||     3
       Call Imp          ||     5
  Use: Potion            ||     3
Armor: Robe              ||     2
Dodge: Dodged            ||    14
